 Dungeon Sprint DCSS version 0.32-a0-131-g9dbbe29261 (webtiles) character file.

Game seed: 14910915288385909005

1715 rocky1 the Fighter (level 9, -2/67 HPs)
             Began as a Gargoyle Gladiator on Feb 9, 2024.
             Was an Initiate of Ashenzari.
             Slain by a very large slime creature (50 damage)
             ... in the Dungeon (Sprint VII: "The Pits").
             The game lasted 00:03:24 (1518 turns).

rocky1 the Fighter (Gargoyle Gladiator)             Turns: 1518, Time: 00:03:24

Health: -2/67      AC: 11    Str: 22    XL:     9   Next: 4%
Magic:  9/9        EV: 14    Int:  9    God:    Ashenzari [......]
Gold:   0          SH:  0    Dex: 11    Spells: 8/8 levels left

rFire   . . .        p - +2 mace (protect)
rCold   . . .        (no shield)
rNeg    + . .        b - +0 leather armour
rPois   ∞            c - +0 helmet
rElec   +            (no cloak)
rCorr   .            (no gloves)
SInv    .            (no boots)
Will    .....        (no amulet)
Stlth   +            (no ring)
HPRegen 0.31/turn    (no ring)
MPRegen 0.11/turn

%: no teleportation
@: no status effects
A: sickness immunity, AC +6, negative energy resistance 1, electricity
resistance, torment resistance 1, petrification resistance
a: Renounce Religion


You were in the Dungeon.
You worshipped Ashenzari.
Ashenzari was noncommittal.
You visited 1 branch

Inventory:

Hand Weapons
 a - a +0 flail
 p - a +2 mace of protection (weapon)
 q - a +2 whip of freezing
Missiles
 d - 3 throwing nets (quivered)
 e - a javelin
Armour
 b - a +0 leather armour (worn)
 c - a +0 helmet (worn)
Scrolls
 k - a scroll of blinking
 m - 2 scrolls of vulnerability
 n - 5 scrolls of amnesia
 o - a scroll of butterflies
Potions
 f - 6 potions of curing
 g - 2 potions of heal wounds
 h - a potion of haste
 i - 4 potions of magic
 j - a potion of berserk rage
 l - 2 potions of invisibility


   Skills:
 * Level 12.7 Fighting
 * Level 11.9 Maces & Flails
 - Level 1.7 Throwing
 + Level 8.6 Armour
 + Level 7.1 Dodging


You had 8 spell levels left.
You didn't know any spells.
Your spell library was empty.

Dungeon Overview and Level Annotations

Branches:
Dungeon (1/1)

Altars:
Ashenzari
Cheibriados
Dithmenos
Elyvilon
Fedhas
Gozag
Hepliaklqana
Kikubaaqudgha
Makhleb
Nemelex Xobeh
Okawaru
Qazlal
Ru
Sif Muna
Trog
Uskayaw
Vehumet
Wu Jian
Xom
Yredelemnul
Zin
The Shining One
Jiyva
Lugonu


Innate Abilities, Weirdness & Mutations

You are immune to sickness and miasma.
Your stone body is resilient. (AC +6)
You are immune to poison.
You resist negative energy. (rN+)
You are resistant to electric shocks. (rElec)
You are resistant to unholy torment.
You are immune to petrification.


Message History

a +0 spear; a gnoll skeleton The slime creature quivers.
The iguana hisses angrily.
The iguana misses you.
There is an open door here.
The slime creature quivers.
The iguana attacks as it pursues you! The iguana bites you!
You sock the iguana!
Your weapon exudes an aura of protection.
The iguana is severely wounded.
You thump the iguana!
You kill the iguana!
The slime creature quivers. x2
The slime creature hits you!
You hit the slime creature. You punch the slime creature.
The slime creature is lightly wounded.
Two slime creatures merge to form a large slime creature.
You hit the large slime creature.
The large slime creature is lightly wounded.
Two slime creatures merge to form a large slime creature.
You sock the large slime creature! You punch the large slime creature.
The large slime creature is lightly wounded.
The large slime creature hits you!!
Two slime creatures merge to form a very large slime creature.
Things that are here:
a +0 spear; a gnoll skeleton You see here a wolf skeleton.
There is an open door here.
You see here a +0 robe.
The very large slime creature attacks as it pursues you!
The very large slime creature barely misses you.
The very large slime creature attacks as it pursues you!
The very large slime creature misses you.
The very large slime creature attacks as it pursues you!
The very large slime creature hits you!!
You feel much better.
The very large slime creature attacks as it pursues you!
The very large slime creature hits you!!!
Ouch! That really hurt!
You die...

############
#_________.#
#_________.#
#_______...###########++
##########+##...........
#..(.')))+.##......#..#.
##########.##...........
#.........J@'...........
#J#####+#####......#..#.
#.#[[#...÷.##...........
#.#))#####'#####'#####++
#÷#).#...÷.##.......#
#)#))#.....##.......#
#J#..###)####.......#
#.##'#.....##...<...#
#.#........##.......#


You could see a very large slime creature.

Vanquished Creatures
  Pikel (D)
  A smoke demon (D)
  2 glass eyes (D)
  Grinder (D)
  A slime creature (D)
  A wolf (D)
  3 lemures (D)
  A weeping skull (D)
  A crimson imp (D)
  An iguana (D)
  An adder (D)
  2 gnolls (D)
  2 ufetubi (D)
  A ribbon worm (D)
  An endoplasm (D)
  A giant cockroach (D)
  2 quokkas (D)
  A ball python (D)
  A bat (D)
  A quokka zombie (D)
26 creatures vanquished.

Notes
Turn   | Place    | Note
-------+----------+-------------------------------------------
     0 | D        | rocky1 the Gargoyle Gladiator began the quest for the Orb.
     0 | D        | Reached XP level 1. HP: 12/12 MP: 1/1
    16 | D        | Reached skill level 3 in Fighting
    16 | D        | Reached skill level 1 in Armour
    16 | D        | Reached XP level 2. HP: 19/19 MP: 2/2
    42 | D        | Found a bloodstained altar of Trog.
    42 | D        | Found a shimmering blue altar of Sif Muna.
    42 | D        | Found a viscous altar of Jiyva.
    42 | D        | Found a hazy altar of Hepliaklqana.
    42 | D        | Found an opulent altar of Gozag.
    43 | D        | Found a glowing golden altar of the Shining One.
    43 | D        | Found a glowing silver altar of Zin.
    43 | D        | Found a basalt altar of Yredelemnul.
    43 | D        | Found a shimmering altar of Xom.
    43 | D        | Found an ornate altar of the Wu Jian Council.
    43 | D        | Found a sacrificial altar of Ru.
    43 | D        | Found a stormy altar of Qazlal.
    43 | D        | Found an iron altar of Okawaru.
    43 | D        | Found a sparkling altar of Nemelex Xobeh.
    43 | D        | Found a burning altar of Makhleb.
    43 | D        | Found a blossoming altar of Fedhas.
    43 | D        | Found a white marble altar of Elyvilon.
    43 | D        | Found a shadowy altar of Dithmenos.
    43 | D        | Found a snail-covered altar of Cheibriados.
    47 | D        | Found a corrupted altar of Lugonu.
    47 | D        | Found a radiant altar of Vehumet.
    48 | D        | Found a broken altar of Ashenzari.
    48 | D        | Found an ancient bone altar of Kikubaaqudgha.
    48 | D        | Found a hide-covered altar of Uskayaw.
    64 | D        | Became a worshipper of Ashenzari the Shackled
    90 | D        | Noticed a glass eye
   114 | D        | Killed a glass eye
   115 | D        | Reached skill level 7 in Fighting
   115 | D        | Reached XP level 3. HP: 28/28 MP: 3/3
   115 | D        | Reached XP level 4. HP: 34/34 MP: 4/4
   115 | D        | Reached XP level 5. HP: 38/38 MP: 5/5
   136 | D        | HP: 1/39 [quokka (3)]
   458 | D        | Noticed a lemure
   458 | D        | Noticed a lemure
   458 | D        | Noticed a wolf
   458 | D        | Noticed a lemure
   458 | D        | Noticed a lemure
   476 | D        | Killed a wolf
   477 | D        | Reached skill level 8 in Fighting
   477 | D        | Reached skill level 5 in Armour
   477 | D        | Reached XP level 6. HP: 31/45 MP: 6/6
   509 | D        | Reached skill level 5 in Dodging
   513 | D        | Noticed Pikel
   542 | D        | Killed Pikel
   543 | D        | Reached skill level 10 in Fighting
   543 | D        | Reached skill level 10 in Maces & Flails
   543 | D        | Reached XP level 7. HP: 41/53 MP: 7/7
   616 | D        | Reached skill level 11 in Fighting
   754 | D        | Reached XP level 8. HP: 53/60 MP: 8/8
   783 | D        | Noticed a glass eye
   794 | D        | Killed a glass eye
   907 | D        | Noticed a smoke demon
   914 | D        | Killed a smoke demon
   915 | D        | Reached skill level 12 in Fighting
  1211 | D        | Noticed Grinder
  1220 | D        | Killed Grinder
  1339 | D        | Noticed a slime creature
  1339 | D        | Noticed a slime creature
  1339 | D        | Noticed a slime creature
  1339 | D        | Noticed a slime creature
  1339 | D        | Noticed a slime creature
  1339 | D        | Noticed a slime creature
  1339 | D        | Noticed a bog body
  1393 | D        | Killed a slime creature
  1394 | D        | Reached XP level 9. HP: 55/67 MP: 9/9
  1518 | D        | Slain by a very large slime creature

Illustrated notes

Levels and vault maps discovered:
D:        pitsprint [storerooms_1, entrance_room_1, metal_vault_5, armoury_2,
          mini_pit_1, grid_room_1, main_hall_1, silver_pit, the_coven_2,
          the_vestibule_1, steel_vault_2, golden_pit, hallway_of_sentries,
          crystal_vault_6, iron_vault_1, final_vault]

Skill      XL: |  1  2  3  4  5  6  7  8 |
---------------+-------------------------+-----
Fighting       | 3 7 8 10 11 12 | 12.7
Armour         | 1 4 5 7 8 |  8.6
Maces & Flails | 7 8 10 11 | 11.9
Dodging        | 4 6 7 |  7.1
Throwing       | |  1.7

Action                     |  1- 3 |  4- 6 |  7- 9 || total
---------------------------+-------+-------+-------++-------
  Melee: Flail             |    31 |    16 |       ||    47
         Mace              |       |    57 |    66 ||   123
         Punch             |       |     6 |     6 ||    12
    Use: Potion            |       |     4 |     2 ||     6
 Armour: Leather armour    |     7 |    69 |    22 ||    98
  Dodge: Dodged            |     9 |    67 |    21 ||    97

Table legend: (Time is in decaauts)
 A = Elapsed time spent in this place.
 B = Non-inter-level travel time spent in this place.
 C = Inter-level travel time spent in this place.
 D = Time resting spent in this place.
 E = Time spent auto-exploring this place.
 F = Levels seen in this place.
 G = Mean time per level.
                   A        B        C        D        E       F      G
               +--------+--------+--------+--------+--------+-----+--------+
         Total |   1534 |   1516 |     18 |   1024 |      0 |   1 | 1534.0 |
       Dungeon |   1534 |   1516 |     18 |   1024 |      0 |   1 | 1534.0 |
               +--------+--------+--------+--------+--------+-----+--------+

Top non-repeatable levels by time:
       D: 1534 daAuts
